 Dungeon Crawl Stone Soup version 0.19-a0-32-gbfd796a (webtiles) character file.

93 aurelian the Grave Robber (level 4, -4/30 HPs)
             Began as a Mummy Necromancer on May 2, 2016.
             Slain by Crazy Yiuf
             ... wielding a +3 quarterstaff of chaos
              (16 damage)
             ... on level 3 of the Dungeon.
             The game lasted 00:06:46 (2385 turns).

aurelian the Grave Robber (Mummy Necromancer)       Turns: 2385, Time: 00:06:47

Health: -4/30      AC:  2    Str: 11    XL:     4   Next: 37%
Magic:  0/7        EV: 12    Int: 14    God:
Gold:   35         SH:  0    Dex: 13    Spells: 3 memorised, 2 levels left

rFire  x . .     SeeInvis .     a - +0 whip
rCold  + . .     Gourm    .     g - +0 robe
rNeg   + + +     Faith    .     (no shield)
rPois  ∞         Spirit   .     (no helmet)
rElec  .         Dismiss  .     (no cloak)
rCorr  .         Reflect  .     (no gloves)
SustAt .         Harm     .     (no boots)
MR     .....                    (no amulet)
Stlth  ++........               (no ring)
                                (no ring)

@: not resistant to hostile enchantments, unstealthy
A: no food or potions, fire vulnerability, cold resistance 1, negative energy
resistance 3, torment resistance, unbreathing
a: no special abilities


You were on level 3 of the Dungeon.
You were not hungry.

You visited 1 branch of the dungeon, and saw 3 of its levels.

You collected 35 gold pieces.

Inventory:

Hand Weapons
 a - a +0 whip (weapon)
 b - a +0 hunting sling
 e - a +0 club
Missiles
 d - 20 poisoned needles
 m - 25 stones (quivered)
Armour
 g - a +0 robe (worn)
Magical Staves
 k - an uncursed staff of energy
Jewellery
 h - an uncursed ring of magical power {unknown}
 i - an uncursed amulet of faith
Scrolls
 c - a scroll of remove curse {unknown}
 f - a scroll of enchant weapon {unknown}
 j - a scroll of identify {unknown}
 n - 6 scrolls of amnesia {unknown}
 o - a scroll of recharging {unknown}
 p - a scroll of magic mapping {unknown}
 q - a scroll of enchant armour {unknown}
Books
 l - a book of Necromancy

   Spells                             Type                      Level
   a - Pain                           Necromancy                   1
   b - Animate Skeleton               Necromancy                   1
   c - Vampiric Draining              Necromancy                   3
   d - Regeneration                   Charms/Necromancy            3
   e - Animate Dead                   Necromancy                   4
   f - Control Undead                 Necromancy                   4


   Skills:
 - Level 1.5 Dodging
 - Level 1.5 Stealth
 - Level 2.0 Spellcasting
 + Level 5.9 Necromancy


You had 2 spell levels left.
You knew the following spells:

 Your Spells              Type           Power        Failure   Level  Hunger
a - Pain                  Necr           ###.         2%          1    N/A
b - Animate Skeleton      Necr           N/A          2%          1    N/A
c - Vampiric Draining     Necr           ###.......   10%         3    N/A

Dungeon Overview and Level Annotations

Branches:
Dungeon (3/15)

Altars:

Annotations:
D:3 Crazy Yiuf


Innate Abilities, Weirdness & Mutations

You do not eat or drink.
Your flesh is vulnerable to fire.
You are immune to poison.
Your flesh is cold resistant.
You are immune to negative energy.
You are immune to unholy pain and torment.
You can survive without breathing.


Message History

Okay, then.
a - a +0 whip (weapon)
You hit Crazy Yiuf.
Crazy Yiuf is severely wounded.
Crazy Yiuf barely misses you.
You hit Crazy Yiuf but do no damage.
Crazy Yiuf is severely wounded.
Crazy Yiuf hits you with a quarterstaff of chaos.
You barely miss Crazy Yiuf.
Crazy Yiuf is severely wounded.
Crazy Yiuf hits you with a quarterstaff of chaos!
Casting: Pain
Confirm with . or Enter, or press ? or * to list all spells.
Aiming: Pain
Press: ? - help, Shift-Dir - straight line, f/p - Crazy Yiuf
Aim: Crazy Yiuf, wielding a quarterstaff of chaos and wearing a cloak (severely wounded, chance to defeat MR: 82%) Crazy Yiuf convulses in agony!
Crazy Yiuf hits you with a quarterstaff of chaos!
Ouch! That really hurt!
You die...

.# ♣♣. ♣.♣ ♣♣.♣ ♣.♣♣
♣♣.♣♣ ♣...♣♣ ♣...g♣
##### #...@#
#...###....###
#.##.#.......#
#####.##.#..#.##.#
#......#......##.##
#.###..#.##.###...##
#.#%.)......##.....###
#......#######.......#
#......####..†.....#.#


You could see Crazy Yiuf.

Vanquished Creatures
  4 adders
  An ooze (D:1)
  2 worms (D:2)
  A dart slug (D:1)
  An orc (D:3)
  2 giant cockroaches
  8 goblins
  3 hobgoblins
  A quokka (D:2)
  A ball python (D:2)
  9 bats
  2 giant newts (D:2)
  3 kobolds
  7 rats
45 creatures vanquished.

Notes
Turn   | Place    | Note
--------------------------------------------------------------
     0 | D:1      | aurelian the Mummy Necromancer began the quest for the Orb.
     0 | D:1      | Reached XP level 1. HP: 13/13 MP: 3/3
   336 | D:1      | Reached XP level 2. HP: 19/19 MP: 1/5
   339 | D:1      | Learned a level 1 spell: Animate Skeleton
  1222 | D:2      | Reached skill level 5 in Necromancy
  1246 | D:2      | Reached XP level 3. HP: 24/24 MP: 4/6
  1808 | D:2      | Reached XP level 4. HP: 30/30 MP: 2/7
  2267 | D:3      | Learned a level 3 spell: Vampiric Draining
  2368 | D:3      | Noticed Crazy Yiuf
  2385 | D:3      | Slain by Crazy Yiuf

Vault maps used:
D:1:      lightli_arrival_statuegarden, roderic_chinese_pattern_swastika
D:3:      serial_park_tiny_2, kennysheep_generic_room_14,
          uniq_crazy_yiuf_cottage, uniq_robin, uniq_sigmund

Skill      XL: |  1  2 |
---------------+-------+-----
Necromancy     | 5 |  5.9
Dodging        | |  1.5
Stealth        | |  1.5
Spellcasting   | |  2.0

Action                   |  1- 3 |  4- 6 || total
-------------------------+-------+-------++-------
Melee: Club              |     4 |       ||     4
       Whip              |     1 |     6 ||     7
 Fire: Hunting sling     |     8 |     2 ||    10
 Cast: Pain              |    69 |    28 ||    97
       Animate Skeleton  |     3 |       ||     3
Armor: Robe              |     3 |       ||     3
Dodge: Dodged            |    14 |    11 ||    25
